 Seeded DCSS version 0.27-a0-1200-g94dc6ad4cf (webtiles) character file.

Game seed: 1482225061180600175 (custom seed)

79 flotson the Covert (level 4, -1/41 HPs)
             Began as a Gnoll Delver on May 31, 2021.
             Slain by a river rat (5 damage)
             ... in a sewer.
             The game lasted 00:01:45 (668 turns).

flotson the Covert (Gnoll Delver)                    Turns: 668, Time: 00:01:46

Health: -1/41      AC:  6    Str: 13    XL:     4   Next: 37%
Magic:  5/5        EV: 10    Int:  9    God:
Gold:   3          SH:  0    Dex: 13    Spells: 5/5 levels left

rFire    . . .     SeeInvis .   a - +0 spear
rCold    . . .     Faith    .   (no shield)
rNeg     . . .     Spirit   .   h - +0 scale mail
rPois    .         Reflect  .   (no helmet)
rElec    .         Harm     .   (no cloak)
rCorr    .         Rampage  .   (no gloves)
Will     .....                  (no boots)
Stlth    +++.......             (no amulet)
HPRegen  0.13/turn              (no ring)
MPRegen  0.09/turn              (no ring)

@: no status effects
A: fangs 1, strong nose, distributed training
a: no special abilities


You were in a sewer.
You visited 1 branch of the dungeon, and saw 2 of its levels.
You also visited: Sewer.

You collected 3 gold pieces.

Inventory:

Hand Weapons
 a - a +0 spear (weapon)
Armour
 h - a +0 scale mail (worn)
Wands
 g - a wand of digging (2)
Scrolls
 c - a scroll of fog
Potions
 f - a potion of berserk rage {unknown}


   Skills:
 + Level 6.6 Fighting
 + Level 1.1 Short Blades
 + Level 1.1 Long Blades
 + Level 1.1 Axes
 + Level 1.1 Maces & Flails
 + Level 4.6 Polearms
 + Level 1.1 Staves
 + Level 1.1 Slings
 + Level 1.1 Bows
 + Level 1.1 Crossbows
 + Level 1.1 Throwing
 + Level 1.1 Armour
 + Level 4.6 Dodging
 + Level 9.6 Stealth
 + Level 1.1 Shields
 + Level 1.1 Unarmed Combat
 + Level 1.1 Spellcasting
 + Level 0.8 Conjurations
 + Level 0.8 Hexes
 + Level 0.8 Summonings
 + Level 0.8 Necromancy
 + Level 0.8 Translocations
 + Level 0.8 Transmutations
 + Level 0.8 Fire Magic
 + Level 0.8 Ice Magic
 + Level 0.8 Air Magic
 + Level 0.8 Earth Magic
 + Level 0.8 Poison Magic
 + Level 1.2 Invocations
 + Level 1.1 Evocations


You had 5 spell levels left.
You didn't know any spells.
Your spell library was empty.

Dungeon Overview and Level Annotations

Branches:
Dungeon (5/15)              Sewer (1/1)
 Temple: D:4-7

Altars:

Annotations:
D:5 Sigmund


Innate Abilities, Weirdness & Mutations

You have very sharp teeth.
Your uncanny sense of smell can sniff out nearby items.
Your experience applies equally to all skills.


Message History

As you read the scroll of fear, it crumbles to dust.
You assume a fearsome visage.
The rat looks frightened!
The river rat looks frightened! x3; The rat looks frightened!
Reach: a) +0 spear
Press: ? - help, Dir - move target, f - river rat, p - river rat
Aim: a river rat (fleeing, about 38% to evade your +0 spear)
You hit the river rat.
Your attack snaps the river rat out of its fear.
The river rat is lightly wounded.
Reach: a) +0 spear
Press: ? - help, Dir - move target, f/p - river rat
Aim: a river rat (lightly wounded, about 38% to evade your +0 spear)
You reach to attack!
You hit the river rat.
The river rat is moderately wounded.
You hit the river rat. Your bite misses the river rat.
The river rat is heavily wounded.
The river rat barely misses you.
You hit the river rat.
You bite the river rat, but do no damage.
The river rat is severely wounded.
You barely miss the river rat.
The river rat is severely wounded.
The river rat barely misses you.
You hit the river rat.
You punch the river rat, but do no damage.
Your bite misses the river rat.
The river rat is almost dead.
Cornered, the rat turns to fight!
The river rat bites you.
* * * LOW HITPOINT WARNING * * *
You closely miss the river rat.
The river rat is severely wounded.
The river rat misses you.
You hit the river rat but do no damage. Your bite misses the river rat.
The river rat is severely wounded.
The river rat bites you.
* * * LOW HITPOINT WARNING * * *
You hit the river rat but do no damage.
The river rat is severely wounded.
The river rat bites you.
You die...

###
#.#
#.#
#.#
#r#
#∩#
#r#
#@#
#.#
#.#
#.#
#.#
#.#
#.#
#r#


You could see 2 river rats and a rat.

Vanquished Creatures
  A hound (D:5)
  An iguana (D:5)
  An adder (D:5)
  A river rat (D:4)
  A giant cockroach (D:4)
  2 quokkas (D:4)
  A kobold (D:4)
8 creatures vanquished.

Notes
Turn   | Place    | Note
-------+----------+-------------------------------------------
     0 | D:5      | Reached skill level 9 in Stealth
     0 | D:5      | flotson the Gnoll Delver began the quest for the Orb.
     0 | D:5      | Reached XP level 1. HP: 23/23 MP: 1/1
    18 | D:5      | Noticed an iguana
    40 | D:5      | Noticed a hound
    56 | D:5      | Reached XP level 2. HP: 17/29 MP: 2/2
    68 | D:5      | Reached skill level 1 in Invocations
    68 | D:5      | Reached XP level 3. HP: 14/35 MP: 2/4
   281 | D:5      | Noticed a necrophage
   293 | D:5      | Noticed an ogre
   373 | D:5      | Reached skill level 1 in Short Blades
   373 | D:5      | Reached skill level 1 in Long Blades
   373 | D:5      | Reached skill level 1 in Axes
   373 | D:5      | Reached skill level 1 in Maces & Flails
   373 | D:5      | Reached skill level 1 in Staves
   373 | D:5      | Reached skill level 1 in Slings
   373 | D:5      | Reached skill level 1 in Bows
   373 | D:5      | Reached skill level 1 in Crossbows
   373 | D:5      | Reached skill level 1 in Throwing
   373 | D:5      | Reached skill level 1 in Armour
   373 | D:5      | Reached skill level 1 in Shields
   373 | D:5      | Reached skill level 1 in Unarmed Combat
   373 | D:5      | Reached skill level 1 in Spellcasting
   373 | D:5      | Reached skill level 1 in Evocations
   373 | D:5      | Reached XP level 4. HP: 40/41 MP: 5/5
   418 | D:5      | Noticed Sigmund
   452 | D:5      | Noticed an ogre
   520 | D:4      | Found a glowing drain.
   645 | Sewer    | Entered a sewer
   668 | Sewer    | Slain by a river rat

Illustrated notes

Levels and vault maps discovered:
D:4:      layout_loops_ring, serial_shops, shop, gup_sewer_entry_bubbles,
          palyth_stone_intersect, uniq_duvessa
D:5:      layout_loops_ring, lemuel_zombie_altar_yredelemnul, uniq_sigmund
Sewer:    sewer_kobolds

Skill      XL: |  1  2  3 |
---------------+----------+-----
Stealth        | |  9.6
Invocations    | 1 |  1.2
Short Blades   | 1 |  1.1
Long Blades    | 1 |  1.1
Axes           | 1 |  1.1
Maces & Flails | 1 |  1.1
Staves         | 1 |  1.1
Slings         | 1 |  1.1
Bows           | 1 |  1.1
Crossbows      | 1 |  1.1
Throwing       | 1 |  1.1
Armour         | 1 |  1.1
Shields        | 1 |  1.1
Unarmed Combat | 1 |  1.1
Spellcasting   | 1 |  1.1
Evocations     | 1 |  1.1
Fighting       | |  6.6
Polearms       | |  4.6
Dodging        | |  4.6
Conjurations   | |  0.8
Hexes          | |  0.8
Summonings     | |  0.8
Necromancy     | |  0.8
Translocations | |  0.8
Transmutations | |  0.8
Fire Magic     | |  0.8
Ice Magic      | |  0.8
Air Magic      | |  0.8
Earth Magic    | |  0.8
Poison Magic   | |  0.8

Action                   |  1- 3 |  4- 6 || total
-------------------------+-------+-------++-------
Melee: Spear             |    34 |    45 ||    79
       Bite              |     3 |     3 ||     6
       Punch             |       |     1 ||     1
Evoke: Wand              |       |     1 ||     1
  Use: Potion            |     1 |       ||     1
       Scroll            |       |     2 ||     2
 Stab: Sleeping          |     1 |     1 ||     2
Armor: Leather armour    |     4 |       ||     4
       Scale mail        |       |     8 ||     8
Dodge: Dodged            |    22 |    11 ||    33

Table legend: (Time is in decaauts)
 A = Elapsed time spent in this place.
 B = Non-inter-level travel time spent in this place.
 C = Inter-level travel time spent in this place.
 D = Time resting spent in this place.
 E = Time spent auto-exploring this place.
 F = Levels seen in this place.
 G = Mean time per level.
                   A        B        C        D        E       F      G
               +--------+--------+--------+--------+--------+-----+--------+
         Total |    639 |    639 |      0 |     98 |    294 |   3 |  213.0 |
       Dungeon |    619 |    619 |      0 |     98 |    294 |   2 |  309.5 |
         Sewer |     20 |     20 |      0 |      0 |      0 |   1 |   20.0 |
               +--------+--------+--------+--------+--------+-----+--------+

Top non-repeatable levels by time:
     D:5: 466 daAuts
     D:4: 152 daAuts
   Sewer: 20 daAuts
